 Dungeon Crawl Stone Soup version 0.28.0-43-g3370ac3207 (webtiles) character file.

Game seed: 3689932866527741687

18939 mortz the Eclecticist (level 12, 0/61 HPs)
             Began as a Deep Elf Conjurer on Mar 29, 2022.
             Was an Elder of Vehumet.
             Killed from afar by a catoblepas (1 damage)
             ... with a blast of calcifying dust
             ... while petrified by a catoblepas
             ... on level 4 of the Lair of Beasts on Mar 30, 2022.
             The game lasted 01:41:11 (17570 turns).

mortz the Eclecticist (Deep Elf Conjurer)          Turns: 17570, Time: 01:41:12

Health: 0/61       AC:  6    Str:  6    XL:     12   Next: 32%
Magic:  27/33      EV:  2    Int: 27    God:    Vehumet [****..]
Gold:   643        SH:  0    Dex: 19    Spells: 11/42 levels left

rFire   + . .      SeeInvis .   J - +2 mace (drain) {mace}
rCold   . . .      Faith    .   R - orb {light}
rNeg    + + +      Spirit   .   c - +1 leather armour {rF+}
rPois   ∞          Reflect  .   h - +1 hat
rElec   .          Harm     .   (no cloak)
rCorr   .          Rampage  .   (no gloves)
Will    +....                   w - +0 pair of boots
Stlth   ++........              I - amulet of the acrobat
HPRegen 0.20/turn               U - +6 ring of dexterity
MPRegen 0.23/turn               a - +4 ring of slaying

@: petrified, glowing
A: no striking features
a: Renounce Religion


You were on level 4 of the Lair of Beasts.
You worshipped Vehumet.
Vehumet was greatly pleased with you.
You visited 3 branches of the dungeon, and saw 15 of its levels.

You collected 643 gold pieces.


   Skills:
 + Level 1.3 Fighting
 + Level 1.2 Armour
 + Level 6.2 Dodging
 + Level 5.4 Stealth
 + Level 15.5 Spellcasting
 + Level 12.1 Conjurations
 + Level 3.6 Translocations
 + Level 2.6 Transmutations
 + Level 1.9 Ice Magic
 * Level 9.5 Air Magic
 + Level 3.1 Earth Magic
 + Level 2.4 Poison Magic
 + Level 0.2 Evocations


You had 11 spell levels left.
You knew the following spells:

 Your Spells              Type           Power      Damage    Failure   Level
a - Magic Dart            Conj           100%       1d8       1%          1
b - Searing Ray           Conj           100%       2d8       1%          2
c - Iskenderun's Mystic   Conj/Tloc      59%        2d12      1%          4
d - Shock                 Conj/Air       100%       1d9       1%          1
e - Poisonous Vapours     Pois/Air       100%       N/A       1%          2
f - Airstrike             Air            32%        N/A       1%          4
g - Passwall              Tmut/Erth      30%        N/A       1%          2
h - Stone Arrow           Conj/Erth      100%       3d13      1%          3
i - Lightning Bolt        Conj/Air       34%        1d51      1%          5
j - Gell's Gravitas       Tloc           40%        N/A       2%          3
k - Sticky Flame          Conj/Fire      52%        2d7       1%          4

Your spell library contained the following spells:

 Spells                   Type           Power      Damage    Failure   Level
 Apportation              Tloc           80%        N/A       1%          1
 Dazzling Flash           Conj/Hex       100%       N/A       1%          3
 Swiftness                Air            64%        N/A       1%          3
 Fulminant Prism          Conj/Hex       26%        3d14      1%          4
 Lesser Beckoning         Tloc           40%        N/A       2%          3
 Teleport Other           Tloc           40%        N/A       2%          3
 Ensorcelled Hibernation  Hex/Ice        52%        N/A       3%          2
 Animate Armour           Summ/Erth      58%        N/A       21%         4
 Alistair's Intoxication  Tmut/Pois      22%        N/A       36%         5
 Lehudib's Crystal Spear  Conj/Erth      29%        10d8      92%         8

Inventory:

Hand Weapons
 d - a +0 scimitar {long}
   (You took it off an orc warrior on level 9 of the Dungeon)
 e - a +4 dire flail of freezing {mace}
   (You took it off a wight on level 9 of the Dungeon)
 g - a +2 dagger of draining {short}
   (You took it off a goblin on level 1 of the Dungeon)
 C - a +1 halberd of freezing {polearm}
   (You took it off a wight on level 9 of the Dungeon)
 J - a +2 mace of draining (weapon) {mace}
   (You took it off an orc on level 9 of the Dungeon)
 M - a +3 flail {mace}
   (You took it off a gnoll on level 6 of the Dungeon)
Missiles
 f - 424 stones {throwing}
 j - 35 poisoned darts {throwing}
Armour
 c - a +1 leather armour of fire resistance (worn)
   (You found it on level 1 of the Lair of Beasts)
 h - a +1 hat (worn)
   (You found it on level 1 of the Dungeon)
 w - a +0 pair of boots (worn)
   (You found it on level 3 of the Dungeon)
 x - the +3 robe of Pashraefy {*Slow Dex+7}
   (You found it on level 4 of the Dungeon)

   Dex:       It affects your dexterity (+7).
   *Slow:     It may slow you when you take damage.
 R - an orb of light (worn)
   (You found it on level 6 of the Dungeon)
Magical Staves
 D - a staff of cold {!astaff}
   (You found it on level 4 of the Dungeon)
Jewellery
 a - a +4 ring of slaying (right hand)
   (You took it off a centaur on level 10 of the Dungeon)
 b - a ring of see invisible
   (You found it on level 1 of the Lair of Beasts)
 I - an amulet of the acrobat (around neck)
   (You found it on level 5 of the Dungeon)
 U - a +6 ring of dexterity (left hand)
   (You found it on level 7 of the Dungeon)
Wands
 H - a wand of flame (23)
   (You took it off Ijyb on level 5 of the Dungeon)
 L - a wand of digging (5)
   (You found it on level 5 of the Dungeon)
 Y - a wand of iceblast (7)
   (You found it on level 10 of the Dungeon)
 Z - a wand of paralysis (3)
   (You took it off a centaur on level 10 of the Dungeon)
Scrolls
 l - 2 scrolls of fear
 m - a scroll of immolation {unknown}
 p - 2 scrolls of vulnerability {unknown}
 u - 3 scrolls of acquirement {unknown}
 y - a scroll of enchant armour {unknown}
 F - 6 scrolls of teleportation {@r4}
 G - 3 scrolls of silence {unknown}
 K - 3 scrolls of magic mapping {unknown}
 O - a scroll of fog {unknown}
 T - a scroll of brand weapon {unknown}
 V - 2 scrolls of blinking {unknown}
 W - a scroll of enchant weapon
Potions
 i - a potion of brilliance {unknown}
 k - 3 potions of haste {@q3}
 n - 2 potions of degeneration {unknown}
 o - a potion of ambrosia
 q - 3 potions of flight
 r - 2 potions of heal wounds {unknown}
 s - 2 potions of lignification {unknown}
 t - 3 potions of magic
 v - 3 potions of curing {@q1}
 z - 2 potions of attraction {unknown}
 P - 4 potions of mutation {!q}
 Q - a potion of resistance {unknown}
 S - 2 potions of berserk rage {!q}

Dungeon Overview and Level Annotations

Branches:
Dungeon (10/15)            Temple (1/1) D:7            Lair (4/6) D:9
 Shoals (0/4) Lair:2          Orc (0/2) D:9
  Snake: Lair:2-4    Spider: Lair:2-4

Altars:
Ashenzari
Cheibriados
Dithmenos
Elyvilon
Fedhas
Gozag
Hepliaklqana
Kikubaaqudgha
Makhleb
Nemelex Xobeh
Okawaru
Qazlal
Ru
Sif Muna
Trog
Uskayaw
Vehumet
Wu Jian
Xom
Yredelemnul
Zin
The Shining One

Annotations:
D:3 3 runed translucent doors, mortz's ghost, amateur DEAE
D:8 3 runed translucent doors, Icepheonix32's ghost, novice DsFi
D:9 2 runed translucent doors, Pemander's ghost, journeyman DjFE
Lair:1 exclusion: oklob plant
Lair:2 2 transporters, demenzo's ghost, journeyman TrCA

.+##P..## .
#......#.....# ..
#......P.P...##
$..
P.........#..##Y.
P. .P...P.P...+.Y
.P #.....#....#
+.##.Y......##
#....YY....>.#
#....@Y...#.##
#.....S(....#
###..#.#.+#.#
###.###..## ##
..# .### .# .. ..


You could see a catoblepas, a black mamba and 3 yaks.


Message History

Aiming: Lightning Bolt (dangerous; 1% risk of failure)
Press: ? - help, Shift-Dir - straight line, f/p - catoblepas
Aim: a catoblepas (moderately wounded, 100% to hit)
You hear a mighty clap of thunder!
The bolt of lightning hits the yak!!
The bolt of lightning hits the catoblepas!!
You hear a bellow!
You hear a roar!
You hear a bellow!
You hear an angry hiss. 😎 MP[-5]
You lost 5 mp, and now have 10/33 mp.
The catoblepas breathes a plume of calcifying dust at you.
The blast of calcifying dust hits the yak!
The blast of calcifying dust hits you. 😕 HP[-5]
You take 5 damage, and now have 56/61 hp. 😕 MP[+1]
The yak is engulfed in calcifying dust.
A yak comes into view.
The yak moves out of view.
There is a stone staircase leading up here. 😕 HP[+1]
The catoblepas breathes in.
You climb upwards.
There is a stone staircase leading down here. 😕 MP[+1]
You start resting. 😎 HP[+4] MP[+4]
Your hp is fully restored (61).
You regained 4 mp, and now have 16/33 mp.
You start resting. 😎 MP[+17]
Your mp is fully restored (33).
You climb downwards.
The yak bellows!
The catoblepas breathes a plume of calcifying dust at you.
The blast of calcifying dust hits you!
The blast of calcifying dust hits the fungus!
The fungus begins to die.
The blast of calcifying dust hits the fungus!
The fungus begins to die.
A black mamba comes into view.
There is a stone staircase leading up here. 😕 HP[-7]
You take 7 damage, and now have 54/61 hp.
Casting: Lightning Bolt (dangerous; 1% risk of failure)
Confirm with . or Enter, or press ? or * to list all spells.
You erupt in a blast of force!
The mystic blast hits the fungus!
The mystic blast hits the fungus!!
The fungus begins to die.
The mystic blast hits the fungus!
The mystic blast hits the yak!
The yak is knocked back by the mystic blast.
You are engulfed in calcifying dust.
You are slowing down.
The fungus is engulfed in calcifying dust. x2 😕 MP[-4]
You lost 4 mp, and now have 29/33 mp.
Casting: Iskenderun's Mystic Blast (safe; 1% risk of failure)
Confirm with . or Enter, or press ? or * to list all spells.
Aiming: Airstrike (safe; 1% risk of failure)
Press: ? - help, Dir - move target, f - catoblepas
Aim: a catoblepas (calcifying dust, empty space bonus: 4/8)
The air twists around and strikes the catoblepas.
You are engulfed in calcifying dust.
Your limbs have turned to stone.
The fungus is engulfed in calcifying dust.
The fungus turns to stone!
The fungus is engulfed in calcifying dust.
The fungus turns to stone!
Something gores the fungus!!
The fungus begins to die.
The yak gores you but does no damage.
You have turned to stone.
You are engulfed in calcifying dust.
The fungus is engulfed in calcifying dust. x2
The yak gores you!
The yak is engulfed in calcifying dust.
The yak is moving more slowly.
You are engulfed in calcifying dust.
A nearby fungus withers and dies.
The fungus is engulfed in calcifying dust.
A nearby fungus withers and dies. x2; The black mamba bites you!
The black mamba bites you. The black mamba bites you!
The yak is engulfed in calcifying dust.
The yak is moving more slowly.
The black mamba bites you!
The catoblepas gores you but does no damage.
The black mamba bites you. The yak gores you.
A nearby fungus withers and dies.
The black mamba bites you but does no damage.
The yak gores you!
* * * LOW HITPOINT WARNING * * *
The catoblepas barely misses you. The black mamba bites you!
* * * LOW HITPOINT WARNING * * *
The yak gores you.
* * * LOW HITPOINT WARNING * * *
The black mamba bites you. The yak gores you. The catoblepas gores you!
* * * LOW HITPOINT WARNING * * *
The black mamba bites you!
* * * LOW HITPOINT WARNING * * *
The yak gores you!
* * * LOW HITPOINT WARNING * * *
The yak stops moving altogether!
The black mamba bites you!
* * * LOW HITPOINT WARNING * * *
The catoblepas breathes a plume of calcifying dust at you.
The blast of calcifying dust hits you.
You die...

Skill      XL: |  1  2  3  4  5  6  7  8  9 10 11 12 |
---------------+-------------------------------------+-----
Conjurations   | 5 6 7 8 9 10 11 12 | 12.1
Spellcasting   | 4 5 6 7 9 10 12 14 15 | 15.5
Stealth        | 3 4 5 |  5.4
Dodging        | 3 4 5 6 |  6.2
Translocations | 2 3 |  3.6
Fighting       | 1 |  1.3
Transmutations | 2 |  2.6
Poison Magic   | 2 |  2.4
Ice Magic      | 1 |  1.9
Earth Magic    | 2 3 |  3.1
Air Magic      | 2 5 8 9 |  9.5
Armour         | 1 |  1.2
Evocations     | |  0.2

Action                   |  1- 3 |  4- 6 |  7- 9 | 10-12 || total
-------------------------+-------+-------+-------+-------++-------
Melee: Dagger            |       |     5 |       |       ||     5
       Mace              |       |       |       |     5 ||     5
 Cast: Magic Dart        |    49 |    75 |    92 |    17 ||   233
       Searing Ray       |    19 |    26 |    67 |    25 ||   137
       Shock             |       |       |       |    49 ||    49
       Stone Arrow       |       |       |       |    20 ||    20
       Lightning Bolt    |       |       |       |    28 ||    28
       Airstrike         |       |       |       |    95 ||    95
       Iskenderun's Myst |       |       |       |    33 ||    33
       Poisonous Vapours |       |       |       |     2 ||     2
Evoke: Wand              |       |       |       |     3 ||     3
  Use: Scroll            |       |       |       |     9 ||     9
Armor: Robe              |     1 |    10 |     5 |    11 ||    27
       Leather armour    |       |       |       |     4 ||     4
Dodge: Dodged            |     2 |    19 |    58 |    83 ||   162

Levels and vault maps discovered:
D:1:      shiori_shiawase, layout_basic, basic_ecumenical_altar
D:2:      kennysheep_six_static_rooms, layout_rooms, kennysheep_generic_room_8
D:3:      layout_rooms, minitemple, demons_altar, gammafunk_ghost_necromancy,
          minmay_misc_feat_alley
D:4:      layout_rooms, hangedman_abyss_or_decor_stabs, uniq_robin,
          uniq_blork_the_orc, uniq_grinder
D:5:      corexii_shack_village, layout_basic, amethyst_overflow_temple_binary,
          minmay_starry_boxes, uniq_ijyb, uniq_prince_ribbit1, uniq_menkaure
D:6:      layout_loops_corners, lemuel_tele_altar
D:7:      layout_basic, mainiacjoe_overflow_chevrons, grunt_dithmenos_smoke,
          minmay_temple_entry_wispy
D:8:      layout_loops_corners, gammafunk_ghost_hydra_chop
D:9:      layout_gridville, cheibriados_altar_1, mainiacjoe_overflow_alcove_2,
          lair_entry_dummy, orc_0_dummy, ebering_ghost_disaster_area,
          hangedman_abyss_or_decor_passed
D:10:     layout_grid_maze, fedhas_altar_3, uniq_nergalle
Temple:   nicolae_temple_figure_zero
Lair:1:   layout_long_grid, minmay_stone_trees_large, hangedman_tree_tricks,
          infiniplex_staircase_pool
Lair:2:   layout_roguey, elwin_shoals_entry_rooms, gammafunk_ghost_hive
Lair:3:   layout_loops_ring, nicolae_volcano_entry_vermiform, lemuel_fruit_tree
Lair:4:   layout_roguey, dummy_snake_entry

Notes
Turn   | Place    | Note
-------+----------+-------------------------------------------
     0 | D:1      | mortz the Deep Elf Conjurer began the quest for the Orb.
     0 | D:1      | Reached XP level 1. HP: 10/10 MP: 6/6
     0 | D:1      | magus.rc [v1.9.6]
   437 | D:1      | Reached XP level 2. HP: 15/15 MP: 6/8
   440 | D:1      | Learned a level 2 spell: Searing Ray
   543 | D:1      | Reached skill level 5 in Conjurations
   639 | D:1      | Found a faded altar of an unknown god.
   655 | D:1      | You pick up a book of Burglary and begin reading...
   655 | D:1      | You add the spells Passwall, Ensorcelled Hibernation and
                  | Swiftness to your library.
  1184 | D:2      | Reached XP level 3. HP: 19/19 MP: 7/9
  2114 | D:3      | Found a shimmering blue altar of Sif Muna.
  2116 | D:3      | Found an opulent altar of Gozag.
  2118 | D:3      | Found a broken altar of Ashenzari.
  2121 | D:3      | Found a radiant altar of Vehumet.
  2125 | D:3      | Became a worshipper of Vehumet
  2157 | D:3      | Reached XP level 4. HP: 24/24 MP: 8/11
  2244 | D:3      | You pick up a book of Party Tricks and begin reading...
  2244 | D:3      | You add the spells Apportation and Alistair's Intoxication
                  | to your library.
  2250 | D:3      | Learned a level 4 spell: Iskenderun's Mystic Blast
  2603 | D:3      | magus.rc [v1.9.6]
  2663 | D:3      | Reached skill level 4 in Spellcasting
  2663 | D:3      | Reached skill level 6 in Conjurations
  2715 | D:3      | Reached XP level 5. HP: 28/28 MP: 3/13
  2834 | D:3      | Found a burning altar of Makhleb.
  2966 | D:3      | Found a runed translucent gate.
  2966 | D:3      | Found a runed translucent gate.
  2966 | D:3      | Found a runed translucent gate.
  2974 | D:3      | Noticed mortz's ghost (amateur DEAE)
  3049 | D:3      | You fall into a shaft and drop 2 floors!
  3049 | D:5      | Entered Level 5 of the Dungeon
  3049 | D:5      | Noticed an ogre
  3058 | D:4      | Noticed an ogre
  3434 | D:4      | Noticed an ogre
  3439 | D:4      | Killed an ogre
  3440 | D:4      | Reached skill level 5 in Spellcasting
  3440 | D:4      | Reached skill level 7 in Conjurations
  3440 | D:4      | Reached XP level 6. HP: 32/32 MP: 5/15
  3520 | D:4      | Reached skill level 3 in Stealth
  3690 | D:4      | Noticed Grinder
  3692 | D:4      | Noticed Robin
  3728 | D:4      | Identified the +3 robe of Pashraefy {*Slow Dex+7}
  3809 | D:4      | Reached * piety under Vehumet
  3809 | D:4      | Offered knowledge of Sandblast by Vehumet.
  3842 | D:4      | Noticed Blork the orc
  3889 | D:3      | Killed Robin
  3962 | D:4      | Killed Blork the orc
  3963 | D:4      | Reached skill level 3 in Dodging
  4147 | D:4      | Killed Grinder
  4148 | D:4      | Reached skill level 6 in Spellcasting
  4148 | D:4      | Reached skill level 8 in Conjurations
  4148 | D:4      | Reached XP level 7. HP: 36/36 MP: 8/19
  4610 | D:5      | Reached skill level 4 in Stealth
  4713 | D:5      | Reached skill level 7 in Spellcasting
  4879 | D:5      | Noticed Ijyb
  4884 | D:5      | Killed Ijyb
  4884 | D:5      | Offered knowledge of Poisonous Vapours by Vehumet.
  4885 | D:5      | Reached XP level 8. HP: 29/41 MP: 14/21
  5025 | D:5      | Found a glowing silver altar of Zin.
  5032 | D:5      | Found an ancient bone altar of Kikubaaqudgha.
  5117 | D:5      | Reached ** piety under Vehumet
  5260 | D:5      | magus.rc [v1.9.6]
  5285 | D:5      | Reached skill level 4 in Dodging
  5285 | D:5      | Reached skill level 8 in Spellcasting
  5396 | D:5      | Reached skill level 9 in Conjurations
  5518 | D:5      | Noticed Menkaure
  5522 | D:5      | Killed Menkaure
  5777 | D:5      | Reached skill level 5 in Stealth
  5833 | D:5      | Noticed Prince Ribbit
  5838 | D:5      | Killed Prince Ribbit
  5839 | D:5      | Reached skill level 9 in Spellcasting
  6044 | D:6      | Reached XP level 9. HP: 46/46 MP: 19/24
  6229 | D:6      | Found an iron altar of Okawaru.
  6409 | D:6      | You pick up a book of Air and begin reading...
  6409 | D:6      | You add the spells Shock and Airstrike to your library.
  6412 | D:6      | Learned a level 1 spell: Shock
  6415 | D:6      | Learned a level 2 spell: Poisonous Vapours
  6420 | D:6      | Learned a level 4 spell: Airstrike
  6423 | D:6      | Learned a level 2 spell: Passwall
  6668 | D:6      | Offered knowledge of Ignite Poison by Vehumet.
  7070 | D:7      | Reached skill level 1 in Translocations
  7105 | D:7      | Found a staircase to the Ecumenical Temple.
  7148 | D:7      | Reached skill level 1 in Fighting
  7148 | D:7      | Reached skill level 10 in Conjurations
  7148 | D:7      | Reached skill level 1 in Transmutations
  7148 | D:7      | Reached skill level 1 in Poison Magic
  7151 | D:7      | Reached skill level 1 in Ice Magic
  7151 | D:7      | Reached skill level 1 in Earth Magic
  7159 | D:7      | Reached skill level 1 in Air Magic
  7162 | D:7      | Reached skill level 10 in Spellcasting
  7162 | D:7      | Reached skill level 2 in Translocations
  7240 | D:7      | Reached *** piety under Vehumet
  7241 | D:7      | Reached skill level 2 in Transmutations
  7306 | D:7      | Reached skill level 5 in Dodging
  7306 | D:7      | Reached skill level 2 in Earth Magic
  7306 | D:7      | Reached skill level 2 in Poison Magic
  7308 | D:7      | HP: 11/47 [poisoned by a water moccasin]
  7336 | Temple   | Entered the Ecumenical Temple
  7786 | D:7      | Found a bloodstained altar of Trog.
  7839 | D:7      | Reached skill level 2 in Air Magic
  7858 | D:7      | HP: 4/47 [orc priest/divine providence (17)]
  8521 | D:7      | Found a shadowy altar of Dithmenos.
  9337 | D:8      | Reached XP level 10. HP: 52/52 MP: 21/26
  9370 | D:8      | Found a runed translucent gate.
  9371 | D:8      | Found a runed translucent gate.
  9378 | D:8      | Found a runed translucent gate.
  9384 | D:8      | Noticed Icepheonix32's ghost (novice DsFi)
  9385 | D:8      | Noticed an 11-headed hydra
  9490 | D:8      | Offered knowledge of Inner Flame by Vehumet.
  9617 | D:8      | Reached skill level 11 in Spellcasting
 10146 | D:9      | You pick up a book of Armaments and begin reading...
 10146 | D:9      | You add the spells Stone Arrow, Animate Armour and
                  | Lehudib's Crystal Spear to your library.
 10151 | D:9      | Learned a level 3 spell: Stone Arrow
 10197 | D:9      | Noticed a two-headed ogre
 10210 | D:9      | Killed a two-headed ogre
 10211 | D:9      | Reached skill level 11 in Conjurations
 10211 | D:9      | Reached skill level 3 in Air Magic
 10375 | D:9      | Found a large runed translucent door.
 10388 | D:9      | Found a snail-covered altar of Cheibriados.
 10389 | D:9      | You pick up a book of Displacement and begin reading...
 10389 | D:9      | You add the spells Lesser Beckoning, Gell's Gravitas and
                  | Teleport Other to your library.
 10618 | D:9      | Found a large runed translucent door.
 10674 | D:9      | Reached **** piety under Vehumet
 10825 | D:9      | Reached skill level 12 in Spellcasting
 10894 | D:9      | Found a staircase to the Orcish Mines.
 10988 | D:9      | Noticed Pemander's ghost (journeyman DjFE)
 11035 | D:9      | Found a staircase to the Lair.
 11037 | D:9      | You pick up a book of Air and begin reading...
 11135 | D:9      | Found a hide-covered altar of Uskayaw.
 11201 | D:10     | Entered Level 10 of the Dungeon
 11305 | D:10     | Offered knowledge of Lightning Bolt by Vehumet.
 11312 | D:10     | Learned a level 5 spell: Lightning Bolt
 11482 | D:10     | Reached skill level 3 in Earth Magic
 11488 | D:10     | Reached skill level 4 in Air Magic
 11672 | D:10     | Found a blossoming altar of Fedhas.
 11677 | D:10     | Noticed Nergalle
 11683 | D:10     | Killed Nergalle
 12165 | D:10     | You pick up a book of Air and begin reading...
 12399 | Lair:1   | Entered Level 1 of the Lair of Beasts
 12404 | Lair:1   | Reached skill level 5 in Air Magic
 12404 | Lair:1   | Reached XP level 11. HP: 50/56 MP: 12/29
 12405 | Lair:1   | Reached skill level 13 in Spellcasting
 12517 | Lair:1   | HP: 8/56 [komodo dragon (20)]
 12784 | Lair:1   | HP: 14/56 [komodo dragon (24)]
 13059 | Lair:1   | Reached skill level 3 in Translocations
 13063 | Lair:1   | Reached skill level 6 in Dodging
 13063 | Lair:1   | Reached skill level 6 in Air Magic
 13429 | Lair:1   | Reached skill level 14 in Spellcasting
 13429 | Lair:1   | Reached skill level 12 in Conjurations
 13510 | Lair:1   | Noticed an eight-headed hydra
 13785 | Lair:2   | Reached skill level 7 in Air Magic
 13916 | Lair:1   | HP: 8/56 [yak (7)]
 13919 | Lair:1   | Reached ***** piety under Vehumet
 13921 | Lair:1   | Killed an eight-headed hydra
 14346 | Lair:1   | Learned a level 3 spell: Gell's Gravitas
 14434 | Lair:1   | Found a blossoming altar of Fedhas.
 14437 | Lair:1   | Noticed an oklob plant
 14936 | Lair:2   | Found a transporter.
 14941 | Lair:2   | Found a transporter.
 14944 | Lair:2   | Noticed demenzo's ghost (journeyman TrCA)
 15250 | Lair:2   | Offered knowledge of Sticky Flame by Vehumet.
 15256 | Lair:2   | Learned a level 4 spell: Sticky Flame
 15575 | Lair:2   | Reached skill level 8 in Air Magic
 15581 | Lair:2   | Reached XP level 12. HP: 61/61 MP: 12/32
 15597 | Lair:2   | Reached skill level 15 in Spellcasting
 15967 | Lair:2   | Found a staircase to the Shoals.
 16125 | Lair:2   | Reached skill level 1 in Armour
 16412 | Lair:3   | Noticed an eight-headed hydra
 16417 | Lair:3   | Killed an eight-headed hydra
 16418 | Lair:3   | Reached skill level 9 in Air Magic
 16523 | Lair:3   | magus.rc [v1.9.6]
 17458 | Lair:4   | Noticed a catoblepas
 17569 | Lair:4   | HP: 10/61 [black mamba (7)]
 17570 | Lair:4   | HP: 1/61 [black mamba (7)]
 17570 | Lair:4   | Killed from afar by a catoblepas

Vanquished Creatures
  2 hydras
  A two-headed ogre (D:9)
  Nergalle (D:10)
  A lindwurm (Lair:3)
  A merfolk siren (Lair:2)
  A black mamba (Lair:2)
  An unseen horror (D:10)
  5 komodo dragons
  3 cane toads
  A rime drake (Lair:2)
  Grinder (D:4)
  A troll (D:10)
  Prince Ribbit (D:5)
  8 blink frogs
  4 wyverns
  A wraith (D:9)
  A vampire (D:10)
  27 yaks
  A steam dragon (D:7)
  3 basilisks
  Menkaure (D:5)
  8 water moccasins
  2 orc warriors
  An ice beast (D:5)
  2 sky beasts
  5 ogres
  6 wolves (Lair:1)
  5 centaurs
  A phantom (D:5)
  Blork the orc (D:4)
  2 kobold brigands (D:9)
  8 bullfrogs
  A wyvern zombie (D:5)
  A water moccasin zombie (D:6)
  6 killer bees (D:8)
  5 wights (D:9)
  2 howler monkeys
  2 electric eels
  3 bullfrog zombies
  A centaur zombie (D:10)
  2 jellies
  4 hounds
  2 gnoll shamans
  3 iron imps (D:3)
  6 orc priests
  3 centaur skeletons
  Ijyb (D:5)
  4 iguanas
  6 orc wizards
  A hound skeleton (D:5)
  Robin (D:3)
  4 gnolls (D:6)
  8 adders
  A white imp (D:7)
  An ufetubus (D:5)
  3 worms
  2 dart slugs
  42 orcs
  7 ball pythons
  10 endoplasms
  A giant cockroach (D:3)
  18 goblins
  15 hobgoblins
  4 quokkas
  6 bats
  3 frilled lizards
  22 kobolds
  A quokka skeleton (D:4)
  6 rats
315 creatures vanquished.

Vanquished Creatures (others)
  17 fungi
  15 plants
32 creatures vanquished.

Grand Total: 347 creatures vanquished

Table legend:
 A = Non-vault XP
 B = Vault XP
 C = Vault XP percentage of total XP
 D = Non-vault monster count
 E = Vault monster count
 F = Vault count percentage of total count
                 A         B        C        D         E       F
            +---------+---------+-------+---------+---------+-------
      Total |   23893 |    3163 |  11.7 |     272 |      43 |  13.7
            +---------+---------+-------+---------+---------+-------
        D:1 |      35 |       0 |   0.0 |      20 |       0 |   0.0
        D:2 |      46 |      10 |  17.9 |      17 |       7 |  29.2
        D:3 |      70 |     144 |  67.3 |      18 |       5 |  21.7
        D:4 |     319 |     406 |  56.0 |      22 |      13 |  37.1
        D:5 |    1051 |     670 |  38.9 |      20 |      15 |  42.9
        D:6 |     309 |       0 |   0.0 |      16 |       0 |   0.0
        D:7 |    1999 |       0 |   0.0 |      25 |       0 |   0.0
        D:8 |    1509 |       0 |   0.0 |      24 |       0 |   0.0
        D:9 |    2287 |       0 |   0.0 |      34 |       0 |   0.0
       D:10 |    1327 |     769 |  36.7 |      11 |       1 |   8.3
     Lair:1 |    7716 |       0 |   0.0 |      36 |       0 |   0.0
     Lair:2 |    4181 |     458 |   9.9 |      18 |       1 |   5.3
     Lair:3 |    2619 |     706 |  21.2 |       9 |       1 |  10.0
     Lair:4 |     425 |       0 |   0.0 |       2 |       0 |   0.0
            +---------+---------+-------+---------+---------+-------

Illustrated notes

Table legend:
 A = Kills in this place as a percentage of kills in entire the game.
 B = Kills by you in this place as a percentage of kills by you in the entire game.
 C = Kills by friends in this place as a percentage of kills by friends in the entire game.
 D = Other kills in this place as a percentage of other kills in the entire game.
 E = Experience gained in this place as a percentage of experience gained in the entire game.
 F = Experience gained in this place divided by the number of levels of this place that you have seen.
                   A       B       C       D       E      F
               +-------+-------+-------+-------+-------+----------------------
         Total | 100.0 | 100.0 |   N/A |   N/A | 100.0 | 1803.7
       Dungeon |  78.7 |  78.7 |   N/A |   N/A |  40.5 | 1095.1
          Lair |  21.3 |  21.3 |   N/A |   N/A |  59.5 | 4026.2
               +-------+-------+-------+-------+-------+----------------------

Table legend: (Time is in decaauts)
 A = Elapsed time spent in this place.
 B = Non-inter-level travel time spent in this place.
 C = Inter-level travel time spent in this place.
 D = Time resting spent in this place.
 E = Time spent auto-exploring this place.
 F = Levels seen in this place.
 G = Mean time per level.
                   A        B        C        D        E       F      G
               +--------+--------+--------+--------+--------+-----+--------+
         Total |  17598 |  17219 |    379 |   3911 |  11106 |  15 | 1173.2 |
       Dungeon |  12936 |  12674 |    262 |   2720 |   8305 |  10 | 1293.6 |
        Temple |    345 |    336 |      9 |      0 |    335 |   1 |  345.0 |
          Lair |   4316 |   4208 |    108 |   1191 |   2466 |   4 | 1079.0 |
               +--------+--------+--------+--------+--------+-----+--------+

Top non-repeatable levels by time:
     D:9: 1948 daAuts
     D:3: 1667 daAuts
  Lair:2: 1534 daAuts
  Lair:1: 1451 daAuts
     D:7: 1412 daAuts
     D:5: 1384 daAuts
     D:8: 1365 daAuts
  Lair:3: 1291 daAuts
    D:10: 1159 daAuts
     D:1: 1077 daAuts
     D:6: 1009 daAuts
     D:2: 989 daAuts
     D:4: 922 daAuts
  Temple: 345 daAuts
  Lair:4: 38 daAuts
